 Dungeon Crawl Stone Soup version 0.20.0-10-g0535bb4 (webtiles) character file.

1521 greprep the Carver (level 8, -5/69 HPs)
             Began as a Minotaur Fighter on June 7, 2017.
             Shot with a sling bullet by Joseph (8 damage)
             ... on level 7 of the Dungeon.
             The game lasted 00:10:15 (6070 turns).

greprep the Carver (Minotaur Fighter)               Turns: 6070, Time: 00:10:15

Health: -5/69      AC: 14    Str: 23    XL:     8   Next: 54%
Magic:  7/7        EV:  6    Int:  5    God:
Gold:   245        SH: 10    Dex: 10    Spells: 7/7 levels left

rFire    . . .     SeeInvis .   a - +0 long sword
rCold    . . .     Gourm    .   c - +0 shield
rNeg     . . .     Faith    .   y - +0 plate armour
rPois    +         Spirit   .   (helmet restricted)
rElec    .         Reflect  .   (no cloak)
rCorr    .         Harm     .   t - +1 pair of gloves
MR       .....     Rnd*Tele +   (no boots)
Stlth    ..........             (no amulet)
Regen    0.3/turn               r - ring of poison resistance
MPRegen  0.1/turn               D - ring of teleportation (curse)

@: no status effects
A: retaliatory headbutt, horns 2
a: no special abilities


You were on level 7 of the Dungeon.
You were very hungry.

You visited 1 branch of the dungeon, and saw 7 of its levels.

You collected 245 gold pieces.

Inventory:

Hand Weapons
 a - a +0 long sword (weapon)
Armour
 c - a +0 shield (worn)
 t - a +1 pair of gloves (worn)
 y - a +0 plate armour (worn)
Jewellery
 r - a ring of poison resistance (left hand)
 D - a cursed ring of teleportation (right hand)
Wands
 b - a wand of scattershot (7/9)
Scrolls
 f - 2 scrolls of magic mapping
 g - 3 scrolls of remove curse
 h - 5 scrolls of recharging
 k - 2 scrolls of enchant armour
 m - a scroll of amnesia
 n - a scroll of teleportation {unknown}
 o - a scroll of random uselessness {unknown}
 q - 2 scrolls of fear
 u - 2 scrolls of enchant weapon
 C - a scroll of fog {unknown}
 F - a scroll of vulnerability {unknown}
Potions
 l - 2 potions of magic {unknown}
 p - 4 potions of curing
 v - 2 potions of invisibility {unknown}
 x - a potion of berserk rage {unknown}
 z - a potion of degeneration {unknown}
 A - 3 potions of haste {unknown}
Books
 B - a book of Necromancy

   Spells                             Type                      Level
   a - Pain                           Necromancy                   1
   b - Animate Skeleton               Necromancy                   1
   c - Vampiric Draining              Necromancy                   3
   d - Regeneration                   Charms/Necromancy            3
   e - Animate Dead                   Necromancy                   4
   f - Control Undead                 Necromancy                   4
Comestibles
 d - 2 bread rations
 i - 4 meat rations
 s - 2 royal jellies


   Skills:
 + Level 5.4 Fighting
 * Level 9.4 Long Blades
 + Level 5.7 Armour
 * Level 3.9 Dodging
 + Level 6.0 Shields


You had 7 spell levels left.
You didn't know any spells.

Dungeon Overview and Level Annotations

Branches:
Dungeon (7/15)
 Temple: D:4-7

Altars:
Dithmenos
Elyvilon
Nemelex Xobeh
Uskayaw
Vehumet
Xom
Zin

Annotations:
D:7 Joseph


Innate Abilities, Weirdness & Mutations

You reflexively headbutt those who attack you in melee.
You have a pair of horns on your head.


Message History

You closely miss Joseph.
Joseph is almost dead.
Joseph hits you with an uncursed quarterstaff of protection.
You barely miss Joseph.
Joseph is almost dead.
Joseph hits you with an uncursed quarterstaff of protection!
* * * LOW HITPOINT WARNING * * *
You hit Joseph but do no damage.
Joseph is almost dead.
You closely miss Joseph.
Joseph is almost dead.
Joseph hits you with an uncursed quarterstaff of protection.
* * * LOW HITPOINT WARNING * * *
Joseph unwields an uncursed quarterstaff of protection.
Joseph wields an uncursed hunting sling.
Joseph shoots a sling bullet.
The sling bullet hits you.
* * * LOW HITPOINT WARNING * * *
You see here 2 sling bullets.
Joseph shoots a sling bullet.
The sling bullet hits you!
You die...

##.≈≈≈≈#(.....#≈
.P.≈≈.###((..## . #######
#..≈≈≈≈#.(....#≈≈ ......#
P..P≈≈≈).......≈≈ #####.#
.##.P≈≈#......#≈≈ #.#
#.P..≈###@...## . #.#
###... #......#
#.###########(.....##
####.#<...#....@......)..
#....##..........########
#.....'..........#
##...###..........#
.'...'.'..........#
##...###..........# #####
#..........# #.......####
#.......#


You could see Joseph.

Vanquished Creatures
  Pikel (D:4)
  A sky beast (D:6)
  2 phantoms
  An ogre (D:6)
  A centaur (D:6)
  A wyvern zombie (D:6)
  A howler monkey (D:5)
  2 hounds
  An orc priest (D:5)
  An iguana (D:6)
  3 orc wizards
  A statue (D:6)
  2 worker ants (D:5)
  A hound skeleton (D:6)
  2 worker ant zombies (D:5)
  4 gnolls
  5 adders
  4 shadow imps
  2 worms (D:2)
  3 adder skeletons
  3 dart slugs
  3 leopard geckos
  19 orcs
  A ball python (D:2)
  5 giant cockroaches
  6 goblins
  7 hobgoblins
  13 jackals
  3 quokkas
  3 bats
  4 frilled lizards
  A jackal zombie (D:5)
  5 kobolds
  A quokka zombie (D:5)
  5 rats
118 creatures vanquished.

Vanquished Creatures (others)
  An orc (D:7)
1 creature vanquished.

Grand Total: 119 creatures vanquished

Notes
Turn   | Place    | Note
-------+----------+-------------------------------------------
     0 | D:1      | greprep the Minotaur Fighter began the quest for the Orb.
     0 | D:1      | Reached XP level 1. HP: 19/19 MP: 0/0
   184 | D:1      | Reached XP level 2. HP: 21/27 MP: 1/1
   912 | D:2      | Reached XP level 3. HP: 7/33 MP: 2/2
  1148 | D:1      | Reached skill level 3 in Long Blades
  1357 | D:2      | Reached XP level 4. HP: 35/40 MP: 3/3
  1756 | D:2      | Reached skill level 4 in Long Blades
  1856 | D:2      | Reached skill level 1 in Dodging
  2300 | D:3      | Found a glowing silver altar of Zin.
  2672 | D:4      | Reached XP level 5. HP: 46/46 MP: 4/4
  2743 | D:4      | Noticed a slave
  2743 | D:4      | Noticed a slave
  2744 | D:4      | Noticed a slave
  2745 | D:4      | Noticed Pikel
  2746 | D:4      | Noticed a slave
  2755 | D:4      | Killed Pikel
  2755 | D:4      | Reached skill level 7 in Long Blades
  2755 | D:4      | Reached XP level 6. HP: 25/53 MP: 5/5
  2755 | D:4      | Reached XP level 7. HP: 28/60 MP: 6/6
  3245 | D:4      | Reached skill level 5 in Shields
  4104 | D:5      | Entered Level 5 of the Dungeon
  4186 | D:5      | Reached skill level 5 in Armour
  4286 | D:5      | Reached skill level 5 in Fighting
  4502 | D:5      | Reached skill level 8 in Long Blades
  4599 | D:5      | Reached XP level 8. HP: 49/68 MP: 7/7
  4699 | D:5      | Found a sparkling altar of Nemelex Xobeh.
  4700 | D:5      | Found a white marble altar of Elyvilon.
  4708 | D:5      | Found a shimmering altar of Xom.
  4709 | D:5      | Found a hide-covered altar of Uskayaw.
  4867 | D:6      | Found a radiant altar of Vehumet.
  5191 | D:6      | Reached skill level 9 in Long Blades
  5514 | D:6      | Found a shadowy altar of Dithmenos.
  5888 | D:7      | Noticed Joseph
  6069 | D:7      | HP: 3/69 [Joseph/sling bullet (1)]
  6070 | D:7      | Shot with a sling bullet by Joseph

Skill      XL: |  1  2  3  4  5  6  7  8 |
---------------+-------------------------+-----
Shields        | 4 5 6 |  6.0
Long Blades    | 3 4 7 8 9 |  9.4
Armour         | 4 5 |  5.7
Fighting       | 4 5 |  5.4
Dodging        | 1 2 3 |  3.9

Action                   |  1- 3 |  4- 6 |  7- 9 || total
-------------------------+-------+-------+-------++-------
Melee: Long sword        |    58 |   103 |   265 ||   426
       Headbutt          |     5 |    13 |    52 ||    70
  Use: Potion            |       |     1 |     2 ||     3
       Scroll            |       |       |    10 ||    10
  Eat: Chunk             |     1 |     1 |     9 ||    11
       Bread ration      |       |     1 |       ||     1
Armor: Scale mail        |    35 |    44 |       ||    79
       Plate armour      |       |    21 |   118 ||   139
Dodge: Dodged            |    33 |    26 |    42 ||   101
Block: Shield            |    30 |    59 |   127 ||   216
       Rpst.: Long sword |     9 |     8 |    13 ||    30
